 Dungeon Crawl Stone Soup version 0.31-a0-182-gc5ef74bbde (webtiles) character file.

Game seed: 12514291170540255900

457 qw the Chopper (level 7, -2/43 HPs)
             Began as a Gargoyle Fighter on June 20, 2023.
             Slain by a steam dragon (3 damage)
             ... on level 6 of the Dungeon.
             The game lasted 00:01:40 (2871 turns).

qw the Chopper (Gargoyle Fighter)                   Turns: 2871, Time: 00:01:41

Health: -2/43      AC: 15    Str: 20    XL:     7   Next: 6%
Magic:  7/7        EV:  9    Int:  8    God:
Gold:   28         SH:  4    Dex: 10    Spells: 6/6 levels left

rFire   . . .        Y - +0 war axe
rCold   . . .        c - +0 buckler
rNeg    + + .        b - +0 scale mail
rPois   inf          a - +0 helmet
rElec   +            q - +2 ratskin cloak {*Rats rPois rN+ Str-1 Int-1 Dex+1}
rCorr   .            (no gloves)
SInv    .            (no boots)
Will    .....        l - amulet of faith Stlth
                     (no ring)
HPRegen 0.27/turn    (no ring)
MPRegen 0.10/turn

%: faith
@: no status effects
A: sickness immunity, AC +4, negative energy resistance 1, electricity
resistance, torment resistance 1, petrification resistance
a: no special abilities


You were on level 6 of the Dungeon.
You visited 1 branch of the dungeon, and saw 5 of its levels.

You collected 79 gold pieces.
You spent 51 gold pieces at shops.


Innate Abilities, Weirdness & Mutations

You are immune to sickness and miasma.
Your stone body is resilient. (AC +4)
You are immune to poison.
You resist negative energy. (rN+)
You are resistant to electric shocks. (rElec)
You are resistant to unholy torment.
You are immune to petrification.


   Skills:
 - Level 4.0 Fighting
 + Level 6.2 Axes
 - Level 3.2 Armour
 - Level 1.0 Dodging
 - Level 3.2 Shields


You had 6 spell levels left.
You didn't know any spells.
Your spell library was empty.

Inventory:

Hand Weapons
 w - a +5 flail
 Y - a +0 war axe (weapon)
Armour
 a - a +0 helmet (worn)
 b - a +0 scale mail (worn)
 c - a +0 buckler (worn)
 q - the +2 ratskin cloak (worn) {*Rats rPois rN+ Str-1 Int-1 Dex+1}
   (You found it on level 3 of the Dungeon)

   *Rats:     When the wearer is hurt, rats may emerge from it to assist them.
   Str:       It affects your strength (-1).
   Int:       It affects your intelligence (-1).
   Dex:       It affects your dexterity (+1).
   rPois:     It protects you from poison.
   rN:        It protects you from negative energy.
 s - a +0 chain mail
Jewellery
 g - a ring of ice
 l - an amulet of faith (around neck)
 o - a ring of fire
 v - an amulet of regeneration
Scrolls
 p - a scroll of blinking {unknown}
Potions
 d - a potion of might
 e - 2 potions of resistance {unknown}
 f - a potion of attraction
 h - a potion of degeneration {unknown}
 i - a potion of mutation {unknown}
 j - a potion of magic {unknown}
 k - a potion of curing {unknown}
 m - a potion of brilliance {unknown}
 n - a potion of enlightenment {unknown}
 r - a potion of invisibility {unknown}
 u - a potion of heal wounds {unknown}

Dungeon Overview and Level Annotations

Branches:
Dungeon (4/15)
 Temple: D:4-7

Altars:

Shops:
D:1 (:   D:4 *

Annotations:
D:1 exclusion: dart slug


Message History

A jelly is nearby!
You hit the jelly.
Your hands burn!
The jelly is lightly wounded.
The jelly hits you but does no damage.
You barely miss the jelly.
The jelly is lightly wounded.
The jelly closely misses you. The jelly barely misses you.
You hit the jelly but do no damage.
Your hands burn!
The jelly is lightly wounded.
The jelly hits you but does no damage.
You slash the jelly!
Your hands burn!
The jelly is severely wounded.
The jelly hits you but does no damage.
You hit the jelly.
You kill the jelly!
You have reached level 7!
You barely miss the steam dragon. The steam dragon bites you.
The steam dragon claws you. The steam dragon barely misses you. x2
You completely miss the steam dragon. The steam dragon breathes steam at you.
The ball of steam hits you!
A hell rat scurries out from under your cloak.
You closely miss the steam dragon.
You are engulfed in a cloud of scalding steam.
A river rat scurries out from under your cloak.
The steam dragon bites you! The steam dragon claws you.
You hit the steam dragon.
The steam dragon is moderately wounded.
The steam dragon closely misses you. You block the steam dragon's attack.
Your river rat is engulfed in a cloud of scalding steam.
You closely miss the steam dragon.
The steam dragon is moderately wounded.
The steam dragon bites you but does no damage.
The steam dragon barely misses you.
You hit the steam dragon.
The steam dragon is moderately wounded.
The steam dragon bites you. The steam dragon claws you.
The steam dragon barely misses you. The steam dragon claws you.
You die...

#..#######..#..
#.......##..###
#..##..........
######..##...##.....
##..##...#######.....
#....#...............
+...)####............
##.D##..###..###..###
#'#@r...########'#..
...##r...#........'..
#...J
##..##........#..
#/....
##'##........#..
#($D8.
##..##.#####'#..
#$.... #....#.#
#..#.. ##....
#....).# #..'..
+#..#### #..#.. ####
#..#..


You could see a steam dragon (ally target), a friendly hell rat and a friendly
river rat.

Vanquished Creatures
  An ogre (D:6)
  A scorpion (D:4)
  A wight (D:6)
  A hound (D:6)
  2 jellies (D:6)
  A sleepcap (D:6)
  Robin (D:2)
  3 adders
  4 dart slugs
  4 orcs
  5 ball pythons
  6 endoplasms
  4 giant cockroaches (D:1)
  12 goblins
  15 hobgoblins
  7 kobolds
  2 quokkas
  5 bats
  4 frilled lizards
  6 rats
85 creatures vanquished.

Vanquished Creatures (collateral kills)
  An iguana (D:6)
1 creature vanquished.

Grand Total: 86 creatures vanquished

Notes
Turn   | Place    | Note
-------+----------+-------------------------------------------
     0 | D:1      | qw the Gargoyle Fighter began the quest for the Orb.
     0 | D:1      | Reached XP level 1. HP: 14/14 MP: 1/1
     0 | D:1      | 0 ||| qw: Version: 0.3-a-9-g12657ce
     0 | D:1      | 0 ||| qw: Game counter: 1471
     0 | D:1      | 0 ||| qw: Always use a shield: true
     0 | D:1      | 0 ||| qw: God list: Okawaru
     0 | D:1      | 0 ||| qw: Allow faded altars: false
     0 | D:1      | 0 ||| qw: Do Orc after D:15 true
     0 | D:1      | 0 ||| qw: Do second Lair branch before Depths: true
     0 | D:1      | 0 ||| qw: Lair rune preference: random
     0 | D:1      | 0 ||| qw: Plans: Normal, Zot:1-4, Slime:5, God:TSO, Crypt,
                  | Tomb, Abyss, Pan, Hells, Win
     0 | D:1      | 0 ||| PLANNING D:1-11
    26 | D:1      | 26 ||| Stepping ~*~*~tactically~*~*~ (stealth).
    35 | D:1      | Reached skill level 2 in Axes
    98 | D:1      | Reached XP level 2. HP: 19/19 MP: 2/2
   115 | D:1      | Found a faded altar of an unknown god.
   125 | D:1      | 125 ||| READING scroll labelled XALIENN EHIH.
   219 | D:1      | 219 ||| Stepping ~*~*~tactically~*~*~ (hiding).
   226 | D:1      | Reached skill level 3 in Axes
   374 | D:1      | Reached XP level 3. HP: 23/23 MP: 3/3
   388 | D:1      | 388 ||| Stepping ~*~*~tactically~*~*~ (hiding).
   696 | D:1      | 696 ||| Stepping ~*~*~tactically~*~*~ (hiding).
   722 | D:1      | Found Cumo's Book Shoppe.
   723 | D:1      | Found Ulutzaof's Weapon Shoppe.
   853 | D:1      | 853 ||| READING scroll labelled KAHOEMM JYRAMP.
   894 | D:2      | 894 ||| Stepping ~*~*~tactically~*~*~ (hiding).
   896 | D:2      | 896 ||| Stepping ~*~*~tactically~*~*~ (hiding).
   917 | D:2      | Noticed Robin
   918 | D:2      | 918 ||| Stepping ~*~*~tactically~*~*~ (stealth).
   926 | D:2      | Killed Robin
   927 | D:2      | Reached XP level 4. HP: 21/28 MP: 4/4
   928 | D:2      | 928 ||| STAIRDANCE
   965 | D:2      | Reached skill level 4 in Axes
   979 | D:2      | 979 ||| Stepping ~*~*~tactically~*~*~ (stealth).
   980 | D:2      | 980 ||| Stepping ~*~*~tactically~*~*~ (stealth).
  1024 | D:2      | 1024 ||| Stepping ~*~*~tactically~*~*~ (stealth).
  1069 | D:2      | 1069 ||| Stepping ~*~*~tactically~*~*~ (stealth).
  1152 | D:2      | 1152 ||| Stepping ~*~*~tactically~*~*~ (hiding).
  1302 | D:2      | 1302 ||| Stepping ~*~*~tactically~*~*~ (hiding).
  1306 | D:2      | 1306 ||| Stepping ~*~*~tactically~*~*~ (hiding).
  1436 | D:2      | 1436 ||| Stepping ~*~*~tactically~*~*~ (stealth).
  1438 | D:2      | 1438 ||| Stepping ~*~*~tactically~*~*~ (stealth).
  1796 | D:2      | 1796 ||| UPGRADING to +0 helmet.
  1801 | D:2      | 1801 ||| UPGRADING to amulet of faith.
  1806 | D:2      | 1806 ||| READING scroll labelled AXUFEULISU.
  1807 | D:2      | 1807 ||| READING scroll labelled NUDUMM ZYARE.
  1808 | D:2      | 1808 ||| DRINKING 2 fizzy green potions.
  1869 | D:3      | 1869 ||| Stepping ~*~*~tactically~*~*~ (stealth).
  1935 | D:3      | Reached XP level 5. HP: 32/32 MP: 5/5
  2042 | D:3      | Found the +2 ratskin cloak {*Rats rPois rN+ Str-1 Int-1
                  | Dex+1}
  2209 | D:3      | 2209 ||| DROPPING +0 club.
  2210 | D:3      | 2210 ||| UPGRADING to +2 ratskin cloak {*Rats rPois rN+
                  | Str-1 Int-1 Dex+1}.
  2215 | D:3      | 2215 ||| DROPPING +0 ring mail of poison resistance.
  2216 | D:3      | 2216 ||| READING scroll labelled UMEPHI EBBYL.
  2217 | D:3      | 2217 ||| READING scroll labelled EFION ETWUR.
  2233 | D:4      | 2233 ||| PLANNING SEWER
  2249 | D:4      | Found Cuatium's Assorted Antiques.
  2261 | D:4      | 2261 ||| BUYING 2 gluggy blue potions (34 gold).
  2261 | D:4      | Bought 2 gluggy blue potions for 34 gold pieces
  2261 | D:4      | 2261 ||| BUYING orange potion (17 gold).
  2261 | D:4      | Bought an orange potion for 17 gold pieces
  2261 | D:4      | 2261 ||| SHOPLISTING scroll labelled IPITTY SOUGOD (19
                  | gold, have 2).
  2261 | D:4      | 2261 ||| SHOPLISTING scroll labelled NETYUH HYDEAZYKK (19
                  | gold, have 2).
  2261 | D:4      | 2261 ||| SHOPLISTING scroll labelled WESHRA GEETY (19 gold,
                  | have 2).
  2261 | D:4      | 2261 ||| SHOPLISTING scroll labelled ZEPUSM TEAPS (19 gold,
                  | have 2).
  2261 | D:4      | 2261 ||| SHOPLISTING silver wand (76 gold, have 2).
  2261 | D:4      | 2261 ||| SHOPLISTING tower shield (85 gold, have 2).
  2261 | D:4      | 2261 ||| SHOPLISTING twisted steel ring (95 gold, have 2).
  2390 | D:4      | Reached skill level 5 in Axes
  2391 | D:4      | You fall into a shaft and drop 2 floors!
  2428 | D:6      | Reached skill level 1 in Dodging
  2428 | D:6      | Reached XP level 6. HP: 37/37 MP: 6/6
  2816 | D:6      | Reached skill level 6 in Axes
  2855 | D:6      | 2855 ||| DROPPING +0 flail.
  2857 | D:6      | Noticed a steam dragon
  2858 | D:6      | 2858 ||| Stepping ~*~*~tactically~*~*~ (hiding).
  2866 | D:6      | Reached XP level 7. HP: 34/43 MP: 7/7
  2868 | D:6      | HP: 10/43 [steam dragon (8)]
  2871 | D:6      | HP: 1/43 [steam dragon (4)]
  2871 | D:6      | Slain by a steam dragon

Levels and vault maps discovered:
D:1:      minmay_arrival_cross, layout_basic, ebering_ecumenical_altar_mist,
          serial_shops, nicolae_shop_peninsula, nicolae_shop_stone
D:2:      layout_loops_ring, uniq_robin
D:3:      layout_rooms
D:4:      layout_cave_pools, minmay_temple_entry_junction_2,
          gup_sewer_entry_spiral, serial_shops, nicolae_shop_tiny_waterfront
D:6:      minmay_bubble_buster, layout_gridville,
          mainiacjoe_overflow_surrounded_room, serial_shops, shop, sigmund_army

Skill      XL: |  1  2  3  4  5  6 |
---------------+-------------------+-----
Axes           | 2 3 4 5 6 |  6.2
Dodging        | 1 |  1.0
Fighting       | 4 |  4.0
Armour         | |  3.2
Shields        | |  3.2

Action                     |  1- 3 |  4- 6 |  7- 9 || total
---------------------------+-------+-------+-------++-------
  Melee: War axe           |    82 |   185 |     6 ||   273
    Use: Scroll            |     2 |     4 |       ||     6
         Potion            |       |     1 |       ||     1
 Armour: Scale mail        |    33 |    97 |     1 ||   131
  Dodge: Dodged            |    31 |    70 |     5 ||   106
  Block: Buckler           |    13 |    39 |     1 ||    53

Table legend:
 A = Non-vault XP
 B = Vault XP
 C = Vault XP percentage of total XP
 D = Non-vault monster count
 E = Vault monster count
 F = Vault count percentage of total count
                 A         B        C        D         E       F
            +---------+---------+-------+---------+---------+-------
      Total |     363 |     291 |  44.5 |      71 |      15 |  17.4
            +---------+---------+-------+---------+---------+-------
        D:1 |      53 |       0 |   0.0 |      27 |       0 |   0.0
        D:2 |      63 |      35 |  35.7 |      23 |      11 |  32.4
        D:3 |      35 |       0 |   0.0 |      13 |       0 |   0.0
        D:4 |      93 |       0 |   0.0 |       5 |       0 |   0.0
        D:6 |     119 |     256 |  68.3 |       3 |       4 |  57.1
            +---------+---------+-------+---------+---------+-------
